AoeStats
← Mendez_AxS

Black Forest

510147402Analyzed
2v2 RM · 3d ago on Sep 29, 2026· 114m 32s· 4 players
Game mode
Random Map
Map size
Medium (4 player)
Population
200
Speed
Normal
Resources
Standard
Victory
Conquest
Starting age
Dark Age
Ending age
Imperial Age
RankedLock teamsTeams togetherTeam positionsShared explorationLock speedFull tech treeHidden civsTurbo modeCheats
Victory
Defeat
🇩🇪 Portuguese · Germany
661
+15
🇵🇹 Persians · Portugal
636
+16
🇲🇽 Wei · Mexico
638
-16
🇺🇸 Teutons · United States
630
-15
Mendez_AxS
1:50 Loom
13:15 Feudal Age
16:36 Double-Bit Axe
16:48 Gold Mining
22:50 Castle Age
21:57 Horse Collar
22:11 Stone Mining
24:20 Wheelbarrow
28:01 Hand Cart
28:46 Heavy Plow
29:52 Pikeman
31:54 Town Watch
32:49 Gold Shaft Mining
32:50 Stone Shaft Mining
33:47 Forging
33:38 Scale Mail Armor
33:43 Squires
37:17 Imperial Age
34:50 Town Patrol
35:55 Caravan
36:26 Coinage
38:41 Stone Shaft Mining
38:40 Crop Rotation
38:41 Bow Saw
38:37 Halberdier
39:06 Arson
39:59 Iron Casting
39:40 Chain Mail Armor
39:33 Scale Barding Armor
41:47 Blast Furnace
40:35 Heavy Scorpion
41:57 Ballistics
41:48 Fortified Wall
41:34 Murder Holes
42:40 Chemistry
41:51 Masonry
43:25 Treadmill Crane
44:20 Tuntian
44:46 Ming Guang Armor
44:42 Conscription
44:59 Ming Guang Armor
44:55 Conscription
45:14 Hoardings
44:04 Elite Tiger Cavalry
48:38 Chain Barding Armor
48:09 Fletching
48:20 Padded Archer Armor
50:27 Bodkin Arrow
50:48 Leather Archer Armor
52:41 Elite Skirmisher
53:46 Parthian Tactics
58:45 Bracer
59:16 Ring Archer Armor
Gracious__Buds
0:27 Loom
14:51 Feudal Age
16:22 Wheelbarrow
15:30 Horse Collar
15:45 Double-Bit Axe
16:27 Stone Mining
16:38 Gold Mining
24:14 Castle Age
25:11 Hand Cart
25:00 Heavy Plow
25:13 Bow Saw
26:28 Stone Shaft Mining
30:34 Coinage
30:05 Caravan
34:59 Imperial Age
33:15 Fletching
33:39 Forging
33:29 Scale Mail Armor
34:07 Pikeman
34:33 Gambesons
34:49 Squires
35:28 Bodkin Arrow
36:14 Crop Rotation
36:52 Two-Man Saw
37:15 Halberdier
39:57 Ballistics
40:40 Chemistry
41:03 Guilds
41:24 Banking
41:38 Crenellations
41:42 Conscription
44:05 Ironclad
44:25 Chain Mail Armor
44:45 Iron Casting
44:10 Elite Teutonic Knight
45:03 Cavalier
45:54 Bloodlines
46:41 Plate Mail Armor
47:22 Blast Furnace
47:02 Hoardings
46:47 Paladin
87:43 Man-at-Arms
89:16 Long Swordsman
93:10 Two-Handed Swordsman
95:26 Champion
111:11 Onager
112:56 Arrowslits
DELIRIO
11:41 Feudal Age
13:50 Gold Mining
13:54 Double-Bit Axe
19:51 Wheelbarrow
20:05 Horse Collar
25:33 Castle Age
23:34 Stone Mining
24:33 Scale Barding Armor
24:41 Forging
27:23 Caravan
27:54 Coinage
27:49 Chain Barding Armor
28:24 Heavy Plow
30:13 Gold Shaft Mining
30:13 Stone Shaft Mining
30:55 Hand Cart
30:57 Masonry
31:11 Ballistics
30:51 Murder Holes
32:46 Bow Saw
33:08 Husbandry
35:58 Imperial Age
33:43 Kamandaran
34:51 Fishing Lines
36:03 Iron Casting
35:55 Cavalier
37:18 Architecture
38:15 Chemistry
38:52 Plate Barding Armor
38:35 Citadels
38:44 Gillnets
40:25 Blast Furnace
41:16 Elite War Elephant
42:43 Crop Rotation
43:36 Banking
43:19 Guilds
45:22 Conscription
47:27 Hoardings
48:34 Savar
75:08 Padded Archer Armor
75:08 Scale Mail Armor
74:59 Fletching
74:58 Elite Skirmisher
75:52 Thumb Ring
77:35 Chain Mail Armor
77:36 Leather Archer Armor
77:16 Bodkin Arrow
heffenstinner
0:28 Loom
15:40 Feudal Age
19:34 Wheelbarrow
21:44 Castle Age
20:37 Double-Bit Axe
25:19 Bow Saw
28:09 Hand Cart
28:37 Gold Mining
29:49 Horse Collar
34:31 Imperial Age
33:38 Stone Mining
33:52 Heavy Plow
33:42 Town Watch
36:18 Chemistry
35:29 Fortified Wall
36:19 Town Patrol
37:53 Two-Man Saw
36:26 Pikeman
37:47 Conscription
37:52 Halberdier
38:53 Caravan
40:27 Scale Barding Armor
40:23 Scale Mail Armor
40:23 Padded Archer Armor
40:16 Fletching
41:19 Stone Shaft Mining
41:38 Elite Organ Gun
42:44 Onager
45:00 Arquebus
46:05 Forging
45:51 Bodkin Arrow
46:11 Leather Archer Armor
46:12 Chain Mail Armor
46:17 Chain Barding Armor
48:29 Iron Casting
47:55 Bracer
48:26 Ring Archer Armor
47:34 Man-at-Arms
47:59 Gambesons
47:37 Capped Ram
48:53 Crop Rotation
47:46 Cavalier
48:26 Husbandry
47:47 Light Cavalry
48:38 Bloodlines
Connection lost

Rejoining the realm…

Still unreachable

The connection could not be restored.

Session expired

The server has moved on; the page needs a fresh start.